AoeStats
← 沒起房子我日

Fortress

507970274Analyzed
4v4 RM · 12d ago on Sep 20, 2026· 52m 40s· 8 players
Game mode
Random Map
Map size
Huge
Population
200
Speed
Normal
Resources
Standard
Victory
Conquest
Starting age
Dark Age
Ending age
Imperial Age
RankedLock teamsTeams togetherTeam positionsShared explorationLock speedFull tech treeHidden civsTurbo modeCheats
Victory
Defeat
🇹🇼 Khitans · Taiwan
1432
+16
🇨🇳 Slavs · China
1425
+17
🇨🇳 Tatars · China
1417
+17
🇹🇼 Byzantines · Taiwan
1379
+18
🇧🇷 Persians · Brazil
1468
-18
🇮🇹 Jurchens · Italy
1447
-17
🇬🇧 Koreans · United Kingdom
1426
-17
🇺🇸 Celts · United States
1400
-16
タンヤ
7:40 Feudal Age
9:23 Loom
11:54 Castle Age
10:08 Double-Bit Axe
11:00 Horse Collar
11:19 Gold Mining
16:55 Imperial Age
17:07 Bow Saw
18:46 Chemistry
21:34 Padded Archer Armor
21:49 Padded Archer Armor
26:37 Leather Archer Armor
29:37 Ring Archer Armor
35:16 Wheelbarrow
40:46 Gold Shaft Mining
41:53 Stone Mining
43:12 Two-Man Saw
44:18 Conscription
44:36 Hoardings
52:11 Hand Cart
沒起房子我日
7:27 Feudal Age
9:19 Double-Bit Axe
11:48 Castle Age
10:18 Domestication
12:37 Wheelbarrow
12:56 Bow Saw
17:19 Gold Mining
17:37 Pastoralism
18:48 Hand Cart
19:49 Loom
19:55 Fletching
20:48 Bodkin Arrow
20:55 Bodkin Arrow
24:36 Imperial Age
22:18 Scale Mail Armor
23:00 Squires
23:25 Chain Mail Armor
23:21 Forging
24:30 Town Watch
25:24 Chain Mail Armor
25:44 Conscription
25:17 Elite Fire Lancer
27:14 Stone Mining
27:46 Arson
28:45 Lamellar Armor
30:27 Transhumance
30:23 Forging
30:44 Plate Mail Armor
32:01 Two-Man Saw
32:38 Iron Casting
31:59 Capped Ram
33:15 Bracer
34:11 Siege Ram
35:55 Pikeman
38:08 Padded Archer Armor
39:10 Leather Archer Armor
39:21 Ballistics
39:45 Siege Engineers
40:04 Guilds
40:45 Thumb Ring
40:01 Elite Skirmisher
41:17 Ring Archer Armor
40:56 Treadmill Crane
46:22 Masonry
47:21 Chemistry
49:09 Stone Shaft Mining
迷路将军
7:27 Feudal Age
11:47 Castle Age
9:52 Double-Bit Axe
9:57 Horse Collar
10:30 Gold Mining
25:10 Imperial Age
23:18 Bow Saw
24:31 Gold Shaft Mining
24:19 Forging
24:10 Scale Mail Armor
24:12 Heavy Plow
24:31 Stone Mining
24:16 Man-at-Arms
24:57 Squires
26:03 Scale Barding Armor
26:09 Bloodlines
26:00 Husbandry
25:39 Elite Boyar
27:00 Iron Casting
27:12 Chain Barding Armor
29:00 Blast Furnace
28:41 Crop Rotation
29:10 Light Cavalry
31:17 Chemistry
31:26 Two-Man Saw
31:06 Conscription
31:56 Plate Barding Armor
31:29 Siege Engineers
32:44 Hussar
34:17 Wheelbarrow
33:27 Town Watch
33:56 Masonry
35:38 Druzhina
35:56 Chain Mail Armor
35:48 Long Swordsman
36:27 Two-Handed Swordsman
37:43 Plate Mail Armor
37:13 Champion
38:45 Hand Cart
39:59 Pikeman
40:49 Caravan
42:09 Coinage
41:30 Halberdier
43:54 Town Patrol
43:40 Loom
47:40 Banking
浮白
7:32 Feudal Age
11:42 Castle Age
9:57 Double-Bit Axe
10:11 Horse Collar
20:06 Wheelbarrow
21:28 Bow Saw
22:17 Hand Cart
21:50 Town Watch
22:56 Loom
26:17 Imperial Age
23:57 Fletching
24:07 Padded Archer Armor
24:33 Gold Mining
25:09 Bodkin Arrow
26:12 Gold Shaft Mining
26:28 Heavy Plow
27:31 Bracer
28:00 Bloodlines
27:50 Husbandry
27:31 Heavy Cavalry Archer
28:37 Leather Archer Armor
28:34 Scale Barding Armor
28:40 Forging
29:08 Conscription
28:54 Silk Armor
28:20 Light Cavalry
30:07 Ring Archer Armor
29:38 Heavy Camel Rider
31:56 Ballistics
32:37 Chemistry
32:27 Chain Barding Armor
32:42 Iron Casting
33:26 Stone Mining
34:24 Caravan
34:55 Coinage
34:30 Hussar
37:58 Plate Barding Armor
38:23 Blast Furnace
39:36 Banking
Handsome Prince
8:09 Feudal Age
8:40 Double-Bit Axe
8:39 Horse Collar
13:59 Castle Age
11:51 Loom
15:04 Bow Saw
15:16 Heavy Plow
15:13 Gold Mining
18:34 Wheelbarrow
17:45 Town Watch
19:17 Stone Mining
27:42 Imperial Age
25:12 Gambesons
25:12 Arson
28:10 Scale Mail Armor
28:21 Forging
28:38 Furor Celtica
28:25 Heavy Scorpion
30:17 Hand Cart
30:28 Pikeman
32:29 Halberdier
33:44 Stronghold
35:49 Chemistry
35:00 Siege Engineers
36:31 Town Patrol
36:51 Chain Mail Armor
37:11 Iron Casting
OS | _MidGard_
7:06 Feudal Age
10:46 Castle Age
9:52 Double-Bit Axe
11:54 Bow Saw
15:21 Loom
19:19 Gold Mining
19:11 Horse Collar
19:58 Scale Barding Armor
21:02 Gold Shaft Mining
23:25 Wheelbarrow
22:35 Town Watch
24:29 Fletching
25:18 Hand Cart
27:24 Chain Barding Armor
27:52 Stone Mining
28:21 Forging
29:54 Bloodlines
29:44 Husbandry
30:49 Bodkin Arrow
30:55 Padded Archer Armor
35:02 Imperial Age
32:06 Elite Skirmisher
36:10 Ballistics
36:51 Chemistry
35:53 Bracer
36:09 Leather Archer Armor
37:57 Iron Casting
39:41 Fortified Wall
40:46 Ring Archer Armor
42:04 Blast Furnace
41:04 Scale Mail Armor
41:26 Squires
41:12 Arson
42:18 Town Patrol
42:07 Elite Fire Lancer
44:47 Conscription
44:28 Pikeman
45:32 Halberdier
47:01 Chain Mail Armor
47:47 Capped Ram
49:32 Plate Barding Armor
49:47 Stone Shaft Mining
49:13 Siege Ram
50:20 Heavy Scorpion
51:15 Siege Engineers
Lugal
6:15 Feudal Age
6:47 Double-Bit Axe
6:43 Horse Collar
12:58 Castle Age
11:27 Stone Mining
11:30 Gold Mining
12:05 Fletching
13:51 Bow Saw
15:41 Heavy Plow
16:01 Bodkin Arrow
17:17 Loom
18:14 Wheelbarrow
18:33 Town Watch
23:59 Ballistics
25:33 Gold Shaft Mining
30:31 Imperial Age
29:05 Hand Cart
30:42 Elite War Wagon
31:24 Bracer
34:03 Chemistry
33:15 Scale Mail Armor
34:15 Conscription
35:15 Husbandry
34:39 Pikeman
35:21 Squires
34:43 Elite Fire Lancer
36:37 Chain Mail Armor
36:33 Forging
37:54 Plate Mail Armor
39:05 Iron Casting
39:11 Gambesons
38:48 Man-at-Arms
39:57 Fortified Wall
39:58 Masonry
40:35 Eupseong
44:04 Architecture
43:21 Arrowslits
43:33 Murder Holes
47:02 Guilds
48:08 Halberdier
50:08 Long Swordsman
Paradigma
7:24 Feudal Age
11:35 Castle Age
10:01 Horse Collar
11:09 Double-Bit Axe
13:28 Wheelbarrow
14:49 Loom
18:06 Bow Saw
18:59 Town Watch
19:30 Hand Cart
20:46 Gold Mining
20:52 Stone Mining
24:22 Gold Shaft Mining
26:37 Imperial Age
24:22 Husbandry
23:42 Light Cavalry
24:50 Scale Barding Armor
24:57 Forging
25:29 Bloodlines
26:49 Chain Barding Armor
27:47 Stone Shaft Mining
26:52 Cavalier
28:11 Kamandaran
29:51 Plate Barding Armor
29:51 Iron Casting
29:53 Savar
30:47 Crossbowman
31:32 Thumb Ring
32:16 Hoardings
31:56 Citadels
33:03 Thumb Ring
34:05 Conscription
34:51 Ballistics
35:32 Chemistry
34:25 Fletching
34:36 Padded Archer Armor
35:20 Masonry
35:55 Padded Archer Armor
36:20 Bodkin Arrow
37:18 Leather Archer Armor
39:54 Blast Furnace
39:25 Ring Archer Armor
40:55 Architecture
41:32 Murder Holes
42:33 Hussar
47:21 Caravan
Connection lost

Rejoining the realm…

Still unreachable

The connection could not be restored.

Session expired

The server has moved on; the page needs a fresh start.